 Dungeon Crawl Stone Soup version 0.16-a0-2145-g6af420d (webtiles) character file.

577 ztt the Shield-Bearer (level 7, -6/61 HPs)
             Began as a Minotaur Fighter on Nov 13, 2014.
             Was a Follower of Okawaru.
             Mangled by Prince Ribbit (15 damage)
             ... on level 5 of the Dungeon.
             The game lasted 00:05:07 (2316 turns).

ztt the Shield-Bearer (Minotaur Fighter)            Turns: 2316, Time: 00:05:07

Health: -6/61      AC: 11    Str: 23    XL:     7   Next: 13%
Magic:  3/3        EV:  7    Int:  5    God:    Okawaru [*.....]
Gold:   192        SH: 10    Dex:  9    Spells: 0 memorised, 6 levels left

rFire  . . .     SeeInvis .     a - +1 war axe
rCold  . . .     Clarity  .     b - +0 scale mail
rNeg   . . .     SustAb   .     c - +0 shield
rPois  .         Gourm    .     (helmet restricted)
rElec  +         Spirit   .     k - +0 cloak
rCorr  .         Warding  .     (no gloves)
rMut   .         Stasis   .     (no boots)
MR     .....     NoCast   +     (no amulet)
Stlth  ..........               w - ring of flight
                                r - ring of Secrets {-Cast rElec AC+3}

@: not resistant to hostile enchantments, extremely unstealthy
A: retaliatory headbutt, horns 2
a: Heroism, Renounce Religion, Evoke Flight


You were on level 5 of the Dungeon.
You worshipped Okawaru.
Okawaru was aware of your devotion.
You were hungry.

You visited 1 branch of the dungeon, and saw 5 of its levels.

You collected 192 gold pieces.

Inventory:

Hand weapons
 a - a +1 war axe (weapon)
Armour
 b - a +0 scale mail (worn)
 c - a +0 shield (worn)
 k - a +0 cloak (worn)
Jewellery
 e - a +1 ring of intelligence
 g - an uncursed ring of magical power
 p - an uncursed ring of see invisible
 r - the ring of Secrets (left hand) {-Cast rElec AC+3}
   (You found it on level 4 of the Dungeon)

   [ring of protection]

   It affects your AC (+3).
   It insulates you from electricity.
   It prevents spellcasting.
 w - a ring of flight (right hand)
Magical devices
 s - a wand of hasting (5)
Scrolls
 f - 2 scrolls of enchant weapon
 h - 3 scrolls of remove curse
Potions
 m - 2 potions of curing
 n - 2 potions of berserk rage
 q - a potion of magic
 u - a potion of poison
Comestibles
 d - 2 bread rations
 j - 2 slices of pizza
 x - a chunk of flesh


   Skills:
 + Level 5.0 Fighting
 + Level 4.6 Axes
 + Level 5.6 Armour
 + Level 3.1 Dodging
 + Level 0.1 Stealth
 + Level 5.8 Shields


You had 6 spell levels left.
You didn't know any spells.

Dungeon Overview and Level Annotations

Branches:
Dungeon (5/15)
 Temple: D:4-7

Altars:
Okawaru

Annotations:
D:5 Prince Ribbit


Innate Abilities, Weirdness & Mutations

You reflexively headbutt those who attack you in melee.
You have a pair of horns on your head.


Message History

You feel sick.
Prince Ribbit momentarily phases out as your attack passes through him.
Your headbutt misses Prince Ribbit.
Prince Ribbit blinks!
You feel sick.
Found a stone staircase leading down.
Prince Ribbit blinks!
Prince Ribbit hits you.
* * * LOW HITPOINT WARNING * * *
There is a stone staircase leading down here.
Prince Ribbit momentarily phases out as your attack passes through him.
Prince Ribbit hits you but does no damage. x2
You closely miss Prince Ribbit. Your headbutt misses Prince Ribbit.
You feel sick.
You are no longer poisoned.
Prince Ribbit blinks!
You miss Prince Ribbit. Prince Ribbit hits you.
* * * LOW HITPOINT WARNING * * *
Prince Ribbit croaks regally.
Prince Ribbit hits you!
You die...

.##.# *,,,,,,,,,*** ..#.#
########### *,,,,,,,,,,,*
..#.###.........# *,,,,,,,,,,,*
................# *******,,,,,**
............†...##### *,,.,,*,
................#...# *,....*,
................#...# *,....#,
.........########...#####*.....#,
....###### #.§@F.......,.....#,
##### #.###########....##. #
####.##....†......§.... #
#.....#<#...........### #
#..§#.#.#.............. #########
#...#.#.#........####.# ........#
#...#.#.#..........#*,*
........###...#.#.#........#.#*,,
........##....+.#.##.#+#...#.#***


You could see Prince Ribbit.

Vanquished Creatures
  The ghost of ztt the Covered, an average MiFi (D:4)
  A wyvern zombie (D:4)
  A water moccasin skeleton (D:5)
  An orc priest (D:5)
  A gnoll shaman (D:5)
  Crazy Yiuf (D:2)
  2 worker ants (D:4)
  A hound zombie (D:5)
  A hound skeleton (D:5)
  7 gnolls (D:5)
  5 adders
  A giant mite (D:2)
  3 worms
  2 giant geckos
  2 oozes
  12 orcs
  7 bats
  3 goblins
  6 hobgoblins
  A quokka (D:2)
  4 giant cockroaches (D:2)
  4 giant newts
  5 jackals (D:5)
  7 kobolds
  9 rats
88 creatures vanquished.

Notes
Turn   | Place    | Note
--------------------------------------------------------------
     0 | D:1      | ztt, the Minotaur Fighter, began the quest for the Orb.
     0 | D:1      | Reached XP level 1. HP: 19/19 MP: 1/1
    95 | D:1      | Reached skill level 4 in Fighting
    95 | D:1      | Reached XP level 2. HP: 17/27 MP: 1/1
   266 | D:2      | Reached XP level 3. HP: 30/33 MP: 2/2
   416 | D:2      | Reached skill level 1 in Dodging
   455 | D:2      | Reached XP level 4. HP: 21/41 MP: 2/2
   658 | D:2      | Noticed Crazy Yiuf
   668 | D:2      | Killed Crazy Yiuf
  1022 | D:3      | Found an iron altar of Okawaru.
  1030 | D:3      | Became a worshipper of Warmaster Okawaru
  1154 | D:4      | Reached XP level 5. HP: 40/47 MP: 2/2
  1265 | D:4      | Got a pitted ivory ring
  1266 | D:4      | Identified the ring of Secrets {-Cast rElec AC+3} (You found it on level 4 of the Dungeon)
  1639 | D:4      | Reached skill level 5 in Armour
  1639 | D:4      | Reached skill level 5 in Shields
  1735 | D:4      | Noticed ztt's ghost (average MiFi)
  1745 | D:4      | Killed ztt's ghost
  1745 | D:4      | Reached XP level 6. HP: 20/53 MP: 3/3
  1808 | D:5      | Entered Level 5 of the Dungeon
  1810 | D:5      | Noticed Prince Ribbit
  2002 | D:5      | Acquired Okawaru's first power
  2026 | D:5      | Reached XP level 7. HP: 43/60 MP: 3/3
  2058 | D:5      | Reached skill level 5 in Fighting
  2316 | D:5      | Mangled by Prince Ribbit

Action                   |  1- 3 |  4- 6 |  7- 9 || total
-------------------------+-------+-------+-------++-------
Melee: War axe           |    74 |   141 |    49 ||   264
  Use: Potion            |       |     1 |       ||     1
       Scroll            |       |       |    10 ||    10
  Eat: Chunk             |       |     1 |     1 ||     2
       Fruit             |       |     3 |       ||     3
